 Dungeon Sprint DCSS version 0.15-a0-2172-g9ff0d5b (webtiles) character file.

5474 BluebellGnoll the Bludgeoner (level 10, -5/110 HPs)
             Began as an Ogre Air Elementalist on July 21, 2014.
             Was a High Priest of Okawaru.
             Slain by a death yak (22 damage)
             ... in the Dungeon (Sprint IX: "|||||||||||||||||||||||||||||").
             The game lasted 00:10:45 (1523 turns).

BluebellGnoll the Bludgeoner (OgAE)                 Turns: 1523, Time: 00:10:45

HP  -5/110       AC  4     Str 18      XL: 10   Next: 69%
MP  22/22        EV 15     Int 17      God: Okawaru [*****.]
Gold 6           SH  0     Dex 13      Spells:  4 memorised, 10 levels left

rFire  . . .     SeeInvis .     m - +4 morningstar (crush)
rCold  . . .     Clarity  .     a - +0 robe
rNeg   . . .     rCorr    .     (shield restricted)
rPois  .         rRot     .     (helmet restricted)
rElec  .         Spirit   .     o - +0 cloak
SustAb .         Warding  .     (gloves unavailable)
rMut   .         NoTele   +     (boots unavailable)
Gourm  .                        (no amulet)
MR     +....                    q - +3 ring of strength
                                p - +3 ring of dexterity

@: repel missiles, somewhat resistant to hostile enchantments, unstealthy
A: unfitting armour, tough skin 1
a: Heroism, Finesse, Renounce Religion


You were in the Dungeon.
You worshipped Okawaru.
Okawaru was extremely pleased with you.
You were not hungry.

You visited 1 branch You collected 6 gold pieces.

Inventory:

Hand weapons
 m - a +4 morningstar of crushing (weapon)
 n - the +4 quarterstaff "Kla Kaid" {pain, MR++ Str+3 Stlth+}
   (You found it in the Dungeon)

   In the hands of one skilled in necromantic magic, it inflicts extra damage on
   living creatures.
   It affects your strength (+3).
   It affects your resistance to hostile enchantments.
   It makes you more stealthy.
Missiles
 z - 6 javelins of returning (quivered)
Armour
 a - a +0 robe (worn)
 o - a +0 cloak (worn)
Magical devices
 l - a wand of cold (0)
Scrolls
 i - 3 scrolls of blinking
 j - 3 scrolls of remove curse
 k - 2 scrolls of amnesia
 w - a scroll of identify
 x - a scroll of fog
Jewellery
 p - a +3 ring of dexterity (left hand)
 q - a +3 ring of strength (right hand)
Potions
 d - 4 potions of curing
 e - 5 potions of heal wounds
 f - a potion of invisibility
 g - 4 potions of magic
 h - a potion of berserk rage
 s - a potion of might
 t - a potion of agility
 u - 2 potions of cure mutation
 v - a potion of restore abilities
Books
 b - a book of Air

   Spells                             Type                      Level
   *Shock                             Conjuration/Air              1
   *Swiftness                         Charms/Air                   2
   *Repel Missiles                    Charms/Air                   2
   Flight                             Charms/Air                   3
   Static Discharge                   Conjuration/Air              3
   *Lightning Bolt                    Conjuration/Air              5
Magical staves
 r - an uncursed staff of energy


   Skills:
 - Level 9.8 Fighting
 - Level 15.2 Maces & Flails
 * Level 10.3 Throwing
 - Level 10.4 Dodging
 - Level 1.5 Stealth
 - Level 5.5 Spellcasting
 - Level 5.8 Conjurations
 + Level 9.4 Air Magic


You had 10 spell levels left.
You knew the following spells:

 Your Spells              Type           Power        Failure   Level  Hunger
a - Shock                 Conj/Air       ####         1%          1    None
b - Repel Missiles        Chrm/Air       ###...       2%          2    #......
c - Swiftness             Chrm/Air       ###.....     2%          2    #......
d - Lightning Bolt        Conj/Air       ####......   21%         5    #####..


Dungeon Overview and Level Annotations

Branches:
Dungeon (1/1)

Altars:
Cheibriados
Dithmenos
Elyvilon
Fedhas
Gozag
Kikubaaqudgha
Makhleb
Nemelex Xobeh
Okawaru
Qazlal
Sif Muna
Trog
Vehumet
Xom
Yredelemnul
Zin
The Shining One
Beogh
Jiyva
Lugonu


Innate Abilities, Weirdness & Mutations

You are too large for most types of armour.
You have tough skin (AC +1).


Message History

You are engulfed in calcifying dust. x2
The catoblepas gores you!!
* * * LOW HITPOINT WARNING * * *
You turn to flesh and can move again.
Unknown command.
You thump the catoblepas!
You kill the catoblepas!
Okawaru appreciates your kill.
Your Throwing skill increases to level 10!
Your Air Magic skill increases to level 9!
The death yak snorts and paws the ground.
You barely miss the death yak.
The death yak is almost dead.
You hit the death yak.
The death yak is almost dead.
The death yak misses you.
You barely miss the death yak.
The death yak is almost dead.
The death yak gores you!!
You die...

▓▓▓▓▓▓▓▓▓▓▓▓▓▓▓▓▓▓▓▓▓▓▓▓▓▓▓▓▓▓▓▓▓
__________________')....'.....'..
▓▓▓▓▓▓▓▓▓▓▓▓▓▓▓▓▓▓▓▓▓▓▓▓▓▓▓▓▓▓▓▓▓
.................................
▓▓▓▓▓▓▓▓▓▓▓▓▓▓▓▓▓▓▓▓▓▓▓▓▓▓▓▓▓▓▓▓▓
...YYY....YYY.YY@....[.......'...
▓▓▓▓▓▓▓▓▓▓▓▓▓▓▓▓▓▓▓▓▓▓▓▓▓▓▓▓▓▓▓▓▓


You could see 3 death yaks, a catoblepas and a yak.

Vanquished Creatures
  A hydra (D)
  3 death yaks (D)
  A catoblepas (D)
  A spiny frog (D)
  A boulder beetle (D)
  A wraith (D)
  A blink frog (D)
  A basilisk (D)
  An ugly thing (D)
  A hippogriff (D)
  A wolf (D)
  A necrophage (D)
  A sky beast (D)
  3 water moccasins (D)
  An ogre (D)
  A porcupine (D)
  A yellow wasp (D)
  A centaur (D)
  3 giant frogs (D)
  An iguana (D)
  A worker ant (D)
  A sheep (D)
  An adder (D)
  An orc (D)
  2 bats (D)
  A giant cockroach (D)
  2 goblins (D)
  A quokka (D)
  A giant newt skeleton (D)
  3 kobolds (D)
  A kobold zombie (D)
  A rat (D)
  A rat zombie (D)
43 creatures vanquished.

Notes
Turn   | Place    | Note
--------------------------------------------------------------
     0 | D        | BluebellGnoll, the Ogre Air Elementalist, began the quest for the Orb.
     0 | D        | Reached XP level 1. HP: 16/16 MP: 3/3
     7 | D        | Reached skill level 3 in Spellcasting
     7 | D        | Reached skill level 4 in Spellcasting
    65 | D        | Reached XP level 2. HP: 24/24 MP: 4/8
    65 | D        | Reached skill level 5 in Spellcasting
    77 | D        | Found a glowing silver altar of Zin.
    77 | D        | Found a glowing golden altar of the Shining One.
    77 | D        | Found an ancient bone altar of Kikubaaqudgha.
    77 | D        | Found a basalt altar of Yredelemnul.
    77 | D        | Found a shimmering altar of Xom.
    77 | D        | Found a radiant altar of Vehumet.
    77 | D        | Found an iron altar of Okawaru.
    78 | D        | Found a burning altar of Makhleb.
    79 | D        | Found a deep blue altar of Sif Muna.
    80 | D        | Found a bloodstained altar of Trog.
    81 | D        | Found a sparkling altar of Nemelex Xobeh.
    82 | D        | Found a white marble altar of Elyvilon.
    83 | D        | Found a roughly hewn altar of Beogh.
    84 | D        | Found a viscous altar of Jiyva.
    85 | D        | Found a corrupted altar of Lugonu.
    86 | D        | Became a worshipper of Warmaster Okawaru
   128 | D        | Found a blossoming altar of Fedhas.
   129 | D        | Found a snail-covered altar of Cheibriados.
   130 | D        | Found a shadowy altar of Dithmenos.
   131 | D        | Found a stormy altar of Qazlal.
   132 | D        | Found an opulent altar of Gozag.
   150 | D        | Got the +4 quarterstaff "Kla Kaid" {pain, MR++ Str+3 Stlth+}
   171 | D        | Learned a level 2 spell: Repel Missiles
   245 | D        | Noticed an ogre
   245 | D        | Noticed a wraith
   245 | D        | Noticed a giant frog
   248 | D        | Killed a giant frog
   248 | D        | Reached skill level 8 in Maces & Flails
   248 | D        | Reached XP level 3. HP: 31/31 MP: 11/11
   248 | D        | Reached XP level 4. HP: 39/39 MP: 13/13
   249 | D        | Killed an ogre
   249 | D        | Acquired Okawaru's first power
   249 | D        | Reached skill level 12 in Maces & Flails
   249 | D        | Reached XP level 5. HP: 45/45 MP: 15/15
   257 | D        | Killed a wraith
   257 | D        | Reached skill level 15 in Maces & Flails
   257 | D        | Reached XP level 6. HP: 44/53 MP: 18/18
   269 | D        | Learned a level 2 spell: Swiftness
   275 | D        | Learned a level 5 spell: Lightning Bolt
   306 | D        | Noticed a necrophage
   306 | D        | Noticed a yellow wasp
   306 | D        | Noticed a purple ugly thing
   306 | D        | Noticed a worker ant
   306 | D        | Noticed a centaur
   306 | D        | Noticed a sky beast
   307 | D        | Killed a centaur
   308 | D        | Killed a worker ant
   310 | D        | Killed a sky beast
   310 | D        | Reached XP level 7. HP: 50/76 MP: 19/19
   311 | D        | Killed a purple ugly thing
   314 | D        | Killed a yellow wasp
   314 | D        | Reached skill level 5 in Conjurations
   317 | D        | Killed a necrophage
   317 | D        | Reached XP level 8. HP: 46/93 MP: 20/20
   530 | D        | Noticed a blink frog
   530 | D        | Noticed a water moccasin
   530 | D        | Noticed a hippogriff
   530 | D        | Noticed a giant frog
   530 | D        | Noticed a water moccasin
   530 | D        | Noticed a porcupine
   532 | D        | Noticed an iguana
   533 | D        | Killed a porcupine
   535 | D        | Noticed a spiny frog
   535 | D        | Killed a water moccasin
   537 | D        | Killed a giant frog
   542 | D        | Killed a hippogriff
   542 | D        | Reached skill level 5 in Throwing
   545 | D        | Killed an iguana
   549 | D        | Killed a water moccasin
   549 | D        | Reached skill level 5 in Dodging
   550 | D        | Killed a spiny frog
   550 | D        | Reached XP level 9. HP: 35/101 MP: 21/21
   554 | D        | Killed a blink frog
   558 | D        | HP: 5/101 [poisoned by a water moccasin]
   883 | D        | Noticed a wolf
   883 | D        | Noticed a water moccasin
   883 | D        | Noticed a death yak
   883 | D        | Noticed a basilisk
   883 | D        | Noticed a seven-headed hydra
   883 | D        | Noticed a giant frog
   884 | D        | Killed a giant frog
   909 | D        | Killed a basilisk
   909 | D        | Received a gift from Okawaru
   911 | D        | Killed a seven-headed hydra
   911 | D        | Reached skill level 5 in Air Magic
   911 | D        | Killed a water moccasin
   911 | D        | Killed a wolf
   914 | D        | Killed a death yak
   914 | D        | Reached skill level 10 in Dodging
   914 | D        | Reached XP level 10. HP: 19/110 MP: 22/22
  1261 | D        | Noticed a boulder beetle
  1277 | D        | Killed a boulder beetle
  1335 | D        | Noticed a catoblepas
  1335 | D        | Noticed a yak
  1335 | D        | Noticed a death yak
  1335 | D        | Noticed a death yak
  1335 | D        | Noticed a death yak
  1335 | D        | Noticed a catoblepas
  1335 | D        | Noticed a death yak
  1505 | D        | Noticed a death yak
  1511 | D        | Killed a death yak
  1511 | D        | Killed a death yak
  1511 | D        | Acquired Okawaru's second power
  1511 | D        | Received a gift from Okawaru
  1520 | D        | Killed a catoblepas
  1520 | D        | Reached skill level 10 in Throwing
  1523 | D        | Slain by a death yak

Action                   |  1- 3 |  4- 6 |  7- 9 | 10-12 || total
-------------------------+-------+-------+-------+-------++-------
Melee: Unarmed           |     2 |       |       |       ||     2
       Morningstar       |       |     9 |    33 |    17 ||    59
Throw: Javelin           |       |       |       |     7 ||     7
 Cast: Shock             |     7 |       |       |       ||     7
       Repel Missiles    |     1 |       |       |       ||     1
       Swiftness         |       |       |       |     1 ||     1
Invok: Heroism           |       |       |     1 |     1 ||     2
Evoke: Wand              |     2 |     5 |     7 |     8 ||    22
  Use: Potion            |     1 |       |     1 |       ||     2
       Scroll            |       |       |     3 |     1 ||     4
 Stab: Distracted        |       |       |     1 |       ||     1
  Eat: Meat ration       |       |       |       |     1 ||     1
